 Dungeon Crawl Stone Soup version 0.24.1-14-gf8d2b509d9 (webtiles) character file.

Game seed: 8593260052035535503, levelgen mode: deterministic

53 Hugehornet the Insei (level 3, 0/23 HPs)
             Began as an Octopode Transmuter on May 17, 2020.
             Slain by a jackal (2 damage)
             ... on level 2 of the Dungeon.
             The game lasted 00:01:39 (1595 turns).

Hugehornet the Insei (Octopode Transmuter)          Turns: 1595, Time: 00:01:40

Health: 0/23       AC:  1    Str:  9    XL:     3   Next: 89%
Magic:  6/7        EV: 13    Int: 16    God:
Gold:   68         SH:  0    Dex: 12    Spells: 1/7 levels left

rFire    . . .     SeeInvis .     - Unarmed
rCold    . . .     Gourm    .   (no shield)
rNeg     . . .     Faith    .   (helmet restricted)
rPois    .         Spirit   .   (no amulet)
rElec    .         Reflect  .   (no ring)
rCorr    .         Harm     .   (no ring)
MR       .....                  (no ring)
Stlth    ++........             (no ring)
HPRegen  0.07/turn              (no ring)
MPRegen  0.10/turn              (no ring)
                                (no ring)
                                (no ring)

@: appendage
A: almost no armour, stealthy swim, amphibious, 8 rings, constrict 8, tentacle
spike 3, camouflage 1, gelatinous body 1
a: End Transformation


You were on level 2 of the Dungeon.
You were not hungry.
One of your tentacles had a temporary spike.
You visited 1 branch of the dungeon, and saw 2 of its levels.

You collected 68 gold pieces.

Inventory:

Missiles
 a - 12 arrows
Scrolls
 b - 3 scrolls of identify {unknown}
 g - a scroll of noise {unknown}
Potions
 d - a potion of haste {unknown}
 e - a potion of might {unknown}
 f - a potion of agility {unknown}
Comestibles
 c - 2 rations


   Skills:
 - Level 1.0 Fighting
 - Level 2.0 Dodging
 + Level 3.1 Unarmed Combat
 + Level 2.7 Spellcasting
 - Level 3.0 Transmutations
 * Level 1.2 Poison Magic


You had one spell level left.
You knew the following spells:

 Your Spells              Type           Power        Failure   Level  Hunger
a - Beastly Appendage     Tmut           ##....       5%          1    #......
b - Sticks to Snakes      Tmut           ##......     9%          2    ##.....
c - Spider Form           Tmut/Pois      #.........   24%         3    ###....

Your spell library contained the following spells:

 Spells                   Type           Power        Failure   Level  Hunger
 Ice Form                 Ice/Tmut       #.......     71%         4    #####..
 Blade Hands              Tmut           ##........   83%         5    ######.


Dungeon Overview and Level Annotations

Branches:
Dungeon (2/15)

Altars:
Ashenzari


Innate Abilities, Weirdness & Mutations

You cannot wear most types of armour.
You are very stealthy in the water. (Stealth+)
You are amphibious.
You can wear up to eight rings at the same time.
You can use your tentacles to constrict eight enemies at once.
Your skin changes colour to match your surroundings (Stealth+).
Your rubbery body absorbs attacks. (AC +1, EV +1)
One of your tentacles bears a large vicious spike.


Message History

Confirm with . or Enter, or press ? or * to list all spells.
One of your tentacles grows a vicious spike.
You constrict the jackal. The jackal closely misses you.
The jackal barely misses you. x2; The kobold hits you.
You tentacle-slap the jackal.
The jackal is severely wounded.
You constrict the jackal.
You kill the jackal!
The jackal bites you. x2; The jackal closely misses you.
You barely miss the jackal. You grab the jackal.
You constrict the jackal, but do no damage.
The jackal bites you. The kobold closely misses you. The jackal bites you.
* * * LOW HITPOINT WARNING * * *
The jackal bites you.
* * * LOW HITPOINT WARNING * * *
You miss the jackal. Your grab misses the jackal. You constrict the jackal.
The jackal completely misses you. The kobold hits you.
* * * LOW HITPOINT WARNING * * *
The jackal bites you.
You die...

.)........
#.........
#.......#
+.......#
#......!#
#.......#
#....hhK# .
#.....@.## ..
#######$.# ...
#.....####.......
#....)#..........
#.......# ......
#....#..# ......
###.......# #....
.......)#.##...
........#..#.#
#+#


You could see 2 jackals and a kobold.

Vanquished Creatures
  An adder (D:2)
  A worm (D:2)
  3 dart slugs (D:1)
  A leopard gecko (D:1)
  A giant cockroach (D:1)
  3 goblins
  5 hobgoblins
  4 jackals
  6 bats
  2 frilled lizards
  4 kobolds
  4 rats (D:1)
35 creatures vanquished.

Notes
Turn   | Place    | Note
-------+----------+-------------------------------------------
     0 | D:1      | Hugehornet the Octopode Transmuter began the quest for the
                  | Orb.
     0 | D:1      | Reached XP level 1. HP: 13/13 MP: 3/3
   290 | D:1      | Reached XP level 2. HP: 18/18 MP: 3/5
   383 | D:1      | Learned a level 2 spell: Sticks to Snakes
   658 | D:1      | Reached XP level 3. HP: 17/23 MP: 6/6
   663 | D:1      | Learned a level 3 spell: Spider Form
   901 | D:1      | Found a shattered altar of Ashenzari.
  1415 | D:2      | Reached skill level 1 in Poison Magic
  1595 | D:2      | Slain by a jackal

Levels and vault maps discovered:
D:1:      minmay_arrival_jagged, layout_basic, ashenzari_altar_1
D:2:      layout_basic

Skill      XL: |  1  2  3 |
---------------+----------+-----
Transmutations | 3 |  3.0
Poison Magic   | 1 |  1.2
Fighting       | |  1.0
Dodging        | |  2.0
Unarmed Combat | |  3.1
Spellcasting   | |  2.7

Action                   || total
-------------------------++-------
Melee: Unarmed           ||    78
       Constrict         ||    23
       Tentacles         ||    14
       Kick              ||    15
 Cast: Beastly Appendage ||    20
 Stab: Sleeping          ||     3
  Eat: Chunk             ||     2
Armor: Skin              ||     5
Dodge: Dodged            ||    63
